 Dungeon Crawl Stone Soup version 0.20.1-1-g8b1a95d66d (webtiles) character file.

273 Kublaii the Ruffian (level 6, 0/63 HPs)
             Began as a Troll Fighter on Nov 28, 2017.
             Slain by a killer bee (8 damage)
             ... on level 3 of the Dungeon.
             The game lasted 00:13:32 (2028 turns).

Kublaii the Ruffian (Troll Fighter)                 Turns: 2028, Time: 00:13:32

Health: 0/63       AC:  6    Str: 25    XL:     6   Next: 2%
Magic:  5/5        EV:  8    Int:  4    God:
Gold:   107        SH:  9    Dex: 11    Spells: 5/5 levels left

rFire    . . .     SeeInvis .     - Unarmed
rCold    . . .     Gourm    +   b - +0 shield
rNeg     . . .     Faith    .   a - +0 robe
rPois    .         Spirit   .   l - +1 hat {MR+}
rElec    .         Reflect  .   (no cloak)
rCorr    .         Harm     .   (gloves unavailable)
MR       +....                  (boots unavailable)
Stlth    +.........             (no amulet)
Regen    0.6/turn               (no ring)
MPRegen  0.1/turn               (no ring)

@: lethally poisoned (0 -> -3)
A: unfitting armour, claws 3, fast metabolism 3, gourmand, regeneration 1,
shaggy fur 1, tough skin 2
a: no special abilities


You were on level 3 of the Dungeon.
You were full.

You visited 1 branch of the dungeon, and saw 4 of its levels.

You collected 107 gold pieces.

Inventory:

Missiles
 f - 131 stones (quivered)
 h - 17 sling bullets
 p - 5 large rocks
Armour
 a - a +0 robe (worn)
 b - a +0 shield (worn)
 l - a +1 hat of magic resistance (worn)
Scrolls
 e - 4 scrolls of remove curse {unknown}
 g - a scroll of fog {unknown}
 j - 3 scrolls of identify {unknown}
 m - a scroll of enchant weapon {unknown}
 n - a scroll of enchant armour {unknown}
 o - a scroll of immolation {unknown}
 r - a scroll of blinking {unknown}
 v - a scroll of noise {unknown}
Potions
 c - 2 potions of might
 k - 3 potions of curing
 q - a potion of lignification {unknown}
 s - 2 potions of invisibility {unknown}
 u - a potion of degeneration {unknown}
Books
 i - a book of Maledictions

   Spells                             Type                      Level
   a - Corona                         Hexes                        1
   b - Ensorcelled Hibernation        Hexes/Ice                    2
   c - Confuse                        Hexes                        3
   d - Tukima's Dance                 Hexes                        3
   e - Dazzling Spray                 Conjuration/Hexes            3
Comestibles
 d - 3 bread rations
 t - 2 fruits


   Skills:
 + Level 4.4 Fighting
 - Level 2.4 Dodging
 - Level 2.4 Shields
 + Level 4.5 Unarmed Combat


You had 5 spell levels left.
You didn't know any spells.

Dungeon Overview and Level Annotations

Branches:
Dungeon (4/15)
 Temple: D:4-7

Altars:


Innate Abilities, Weirdness & Mutations

You are too large for most types of armour.
You have claws for hands.
Your metabolism is lightning-fast.
You like to eat raw meat.
Your natural rate of healing is unusually fast.
You are covered in fur. (AC +1)
You have very tough skin. (AC +2)


Message History

The killer bee poisons you!
You closely miss the killer bee.
The killer bee is moderately wounded.
You feel sick. You block the killer bee's attack.
The killer bee barely misses you.
You closely miss the killer bee.
The killer bee is moderately wounded.
You feel sick.
The killer bee stings you but does no damage.
You block the killer bee's attack.
You miss the killer bee.
The killer bee is moderately wounded.
The killer bee stings you.
* * * LOW HITPOINT WARNING * * *
You are more poisoned.
The killer bee poisons you! The killer bee closely misses you.
You scratch the killer bee.
The killer bee is heavily wounded.
You feel sick. You block the killer bee's attack. The killer bee stings you!
You die...

#####.......# #....###.#
#####...#####...## #.#
########..#.......# #.#
#...............#.# #.########
#....<...#......#.###.......[#
####............................#
##......y.......y#..#...........#
...........#####y##.#..#........#
...........# #@##.............#
#.......y..# #>###..#..#.######
#..........# #.# #.......######
.).........# #.###.##.........#
...........# ##................#
....##...### #......###........#
......##..#####)..#### #........#
.............>...## #........#
...#..#####....#<### #........#


You could see 2 killer bees.

Vanquished Creatures
  An ogre (D:3)
  A killer bee (D:3)
  Natasha (thrice) (D:2)
  A worker ant (D:3)
  2 oozes (D:1)
  A worm (D:4)
  2 dart slugs
  2 leopard geckos
  An orc (D:3)
  6 bats
  5 giant cockroaches
  2 goblins
  4 hobgoblins
  A quokka (D:3)
  2 frilled lizards
  A kobold (D:1)
  4 rats
39 creatures vanquished.

Notes
Turn   | Place    | Note
-------+----------+-------------------------------------------
     0 | D:1      | Kublaii the Troll Fighter began the quest for the Orb.
     0 | D:1      | Reached XP level 1. HP: 22/22 MP: 0/0
    55 | D:1      | Reached XP level 2. HP: 29/29 MP: 1/1
   464 | D:1      | You fall through a shaft!
   493 | D:2      | You fall through a shaft for 2 floors!
   697 | D:1      | Reached XP level 3. HP: 37/37 MP: 2/2
  1159 | D:2      | Noticed Natasha
  1165 | D:2      | Killed Natasha
  1414 | D:2      | Noticed Natasha
  1422 | D:2      | Killed Natasha
  1422 | D:2      | Reached XP level 4. HP: 36/45 MP: 3/3
  1499 | D:2      | Noticed Natasha
  1509 | D:2      | Killed Natasha
  1695 | D:3      | Reached XP level 5. HP: 50/54 MP: 4/4
  1782 | D:3      | Noticed an ogre
  1808 | D:3      | Killed an ogre
  1942 | D:3      | Reached XP level 6. HP: 31/63 MP: 5/5
  2028 | D:3      | Slain by a killer bee

Skill      XL: |  1  2  3  4  5 |
---------------+----------------+-----
Fighting       | 3 4 |  4.4
Unarmed Combat | 3 4 |  4.5
Dodging        | |  2.4
Shields        | |  2.4

Action                   |  1- 3 |  4- 6 || total
-------------------------+-------+-------++-------
Melee: Unarmed           |    60 |    55 ||   115
Throw: Stone             |    32 |    36 ||    68
  Use: Potion            |       |     1 ||     1
 Stab: Sleeping          |     1 |       ||     1
  Eat: Chunk             |    13 |     7 ||    20
Armor: Robe              |     6 |    13 ||    19
Dodge: Dodged            |    13 |    17 ||    30
Block: Shield            |    20 |    25 ||    45
